 Dungeon Crawl Stone Soup version 0.30-a0-381-g6ea064c7b4 (webtiles) character file.

Game seed: 8730207266420236712

75234 Armakuni the Cruncher (level 15, -15/110 HPs)
             Began as a Human Fighter on Nov 27, 2022.
             Was the Champion of Vehumet.
             Killed from afar by Uhykki's ghost (20 damage)
             ... with a bolt of lightning
             ... on level 1 of the Lair of Beasts on Dec 1, 2022.
             The game lasted 01:21:01 (22772 turns).

Armakuni the Cruncher (Human Fighter)              Turns: 22772, Time: 01:21:02

Health: -15/110    AC: 13    Str: 16    XL:     15   Next: 97%
Magic:  21/21      EV: 14    Int: 21    God:    Vehumet [******]
Gold:   2010       SH:  6    Dex: 14    Spells: 2/22 levels left

rFire   + . .      SeeInvis +    a - +2 demon whip (vorpal)
rCold   + . .      Faith    .    i - +0 buckler
rNeg    . . .      Spirit   .    q - +0 acid dragon scales
rPois   +          Reflect  .    (no helmet)
rElec   .          Harm     .    y - scarf {rC+ rF+}
rCorr   +          Rampage  .    j - +0 pair of gloves
Will    +....                    s - +3 pair of boots "Oducwod" {Drain Fly rPois}
Stlth   +.........               R - amulet of regeneration
HPRegen 1.18/turn                V - +4 ring of slaying
MPRegen 0.17/turn                S - ring of Ru's Regard {Int+6 Slay+6 SInv}

@: about to teleport, flying
A: no striking features
a: Renounce Religion


You were on level 1 of the Lair of Beasts.
You worshipped Vehumet.
Vehumet was exalted by your worship.
You visited 4 branches of the dungeon, and saw 21 of its levels.
You also visited: Gauntlet.

You collected 2563 gold pieces.
You spent 553 gold pieces at shops.

Inventory:

Hand Weapons
 a - a +2 vorpal demon whip (weapon)
Missiles
 J - 6 curare-tipped darts (quivered)
Armour
 i - a +0 buckler (worn)
 j - a +0 pair of gloves (worn)
 q - +0 acid dragon scales (worn)
 s - the +3 pair of boots "Oducwod" (worn) {Drain Fly rPois}
   (You found it in a Gauntlet)

   rPois:     It protects you from poison.
   Fly:       It grants you flight.
   Drain:     It drains your maximum health when unequipped.
 y - a scarf of resistance (worn)
Magical Staves
 e - a staff of conjuration
Jewellery
 E - a ring of resist corrosion
 F - a ring of protection from fire
 R - an amulet of regeneration (around neck)
 S - the ring of Ru's Regard (right hand) {Int+6 Slay+6 SInv}
   (You found it in a Gauntlet)

   [ring of see invisible]

   Int:       It affects your intelligence (+6).
   Slay:      It affects your accuracy & damage with ranged weapons and melee
   (+6).
   SInv:      It lets you see invisible.
 V - a +4 ring of slaying (left hand)
Wands
 d - a wand of digging (11)
 m - a wand of flame (6)
 p - a wand of polymorph (8)
 w - a wand of paralysis (10)
Scrolls
 h - 2 scrolls of amnesia
 n - 5 scrolls of vulnerability
 o - 6 scrolls of teleportation
 r - 4 scrolls of noise
 v - 8 scrolls of identify
 x - a scroll of magic mapping
 z - 3 scrolls of butterflies
 A - 2 scrolls of poison
 C - a scroll of fear
 G - 3 scrolls of immolation
 I - a scroll of silence
Potions
 f - 5 potions of haste
 g - 2 potions of brilliance
 k - 6 potions of curing
 l - 3 potions of heal wounds
 D - a potion of magic
 H - 2 potions of ambrosia
Miscellaneous
 c - a condenser vane (inert)
 t - a tin of tremorstones (inert)


   Skills:
 - Level 8.2 Fighting
 - Level 9.6(12.0) Maces & Flails
 - Level 11.4(12.9) Staves
 - Level 6.7 Armour
 - Level 7.9 Dodging
 - Level 8.8 Shields
 + Level 4.1 Spellcasting
 - Level 10.0 Conjurations
 - Level 2.0 Translocations
 + Level 9.5 Air Magic
 - Level 3.0 Poison Magic
 - Level 10.0 Evocations


You had 2 spell levels left.
You knew the following spells:

 Your Spells              Type           Power      Damage    Failure   Level
a - Arcjolt               Conj/Air       22%        1d32      2%          5
j - Freezing Cloud        Conj/Ice/Air   15%        6-21      11%         5
l - Summon Lightning Spi  Summ/Air       24%        N/A       26%         4
m - Mephitic Cloud        Conj/Pois/Air  35%        N/A       1%          3
w - Wereblood             Tmut           4%         N/A       28%         2
A - Apportation           Tloc           24%        N/A       9%          1

Your spell library contained the following spells:

 Spells                   Type           Power      Damage    Failure   Level
 Foxfire                  Conj/Fire      100%       2x1d9     1%          1
 Kiss of Death            Conj/Necr      100%       2d13      1%          1
 Poisonous Vapours        Pois/Air       60%        N/A       1%          2
 Cigotuvi's Dreadful Rot  Necr/Pois/Air  42%        N/A       5%          2
 Beastly Appendage        Tmut           8%         N/A       19%         1
 Hailstorm                Conj/Ice       25%        3d7       2%          3
 Flame Wave               Conj/Fire      25%        2d8       7%          4
 Sticky Flame             Conj/Fire      25%        2d5       7%          4
 Ignite Poison            Fire/Tmut/Pois 8%         N/A       11%         3
 Inner Flame              Hex/Fire       4%         N/A       16%         3
 Gell's Gravitas          Tloc           12%        N/A       26%         3
 Teleport Other           Tloc           12%        N/A       26%         3
 Spider Form              Tmut/Pois      10%        N/A       30%         3
 Orb of Destruction       Conj           23%        9d8       54%         7
 Silence                  Hex/Air        12%        N/A       58%         5
 Passage of Golubria      Tloc           12%        N/A       63%         4
 Cause Fear               Hex            2%         N/A       88%         4
 Alistair's Intoxication  Tmut/Pois      6%         N/A       96%         5
 Eringya's Noxious Bog    Tmut/Pois      5%         N/A       97%         6
 Borgnjor's Vile Clutch   Necr/Erth      2%         N/A       99%         5
 Maxwell's Capacitive Co  Air            22%        ∞         99%         8
 Dispersal                Tloc           6%         N/A       100%        6
 Storm Form               Tmut/Air       12%        N/A       100%        7
 Discord                  Hex            2%         N/A       100%        8
 Ignition                 Fire           2%         3d3       100%        8
 Lehudib's Crystal Spear  Conj/Erth      12%        10d4      100%        8
 Chain Lightning          Conj/Air       22%        3d30      100%        9
 Fire Storm               Conj/Fire      12%        8d3       100%        9
 Shatter                  Erth           2%         3d6*      100%        9


Dungeon Overview and Level Annotations

Branches:
Dungeon (13/15)            Temple (1/1) D:6            Lair (5/5) D:8
  Swamp (0/4) Lair:2        Snake (0/4) Lair:3        Slime (0/5) Lair:4
    Orc (2/2) D:12            Elf (0/3) Orc:2       Gauntlet (visited)
 Vaults: D:13-14

Altars:
Ashenzari
Cheibriados
Dithmenos
Elyvilon
Fedhas
Gozag
Hepliaklqana
Kikubaaqudgha
Makhleb
Nemelex Xobeh
Okawaru
Qazlal
Ru
Sif Muna
Trog
Uskayaw
Vehumet
Wu Jian
Xom
Yredelemnul
Zin
The Shining One
Jiyva

Shops:
D:6 =   D:12 =   Orc:2 *=[((

Annotations:
Lair:1 Nedank's ghost, journeyman NaNe; Uhykki's ghost, journeyman DjFE


Message History

Puphybur's ghost hits you.
You hit Puphybur's ghost but do no damage.
Puphybur's ghost is severely damaged.
Puphybur's ghost is engulfed in freezing vapours.
Puphybur's ghost closely misses you.
As you read the scroll of teleportation, it crumbles to dust.
You feel strangely unstable.
Uhykki's ghost is engulfed in freezing vapours.
Uhykki's ghost says, "First you will suffer, then you will die."
Uhykki's ghost casts a spell.
Puphybur's ghost is engulfed in freezing vapours.
Puphybur's ghost hits you.
You whack Puphybur's ghost!
Puphybur's ghost is almost destroyed.
You closely miss Puphybur's ghost.
Puphybur's ghost is almost destroyed.
Uhykki's ghost is engulfed in freezing vapours.
Nedank's ghost is engulfed in freezing vapours.
Puphybur's ghost hits you!
* * * LOW HITPOINT WARNING * * *
The white imp is engulfed in freezing vapours.
You hit Puphybur's ghost but do no damage.
Puphybur's ghost is almost destroyed.
You whack Puphybur's ghost!
You destroy Puphybur's ghost!
Vehumet accepts your kill.
You feel your power returning.
Uhykki's ghost is engulfed in freezing vapours.
Nedank's ghost is engulfed in freezing vapours.
Nedank's ghost stares at you.
You whack Uhykki's ghost!
Uhykki's ghost is moderately damaged.
You whack Uhykki's ghost!
Uhykki's ghost is heavily damaged.
Uhykki's ghost is engulfed in freezing vapours.
Uhykki's ghost points at you and mumbles some strange words.
The bolt of lightning hits you!!
* * * LOW HITPOINT WARNING * * *
The bolt of lightning hits you!!
You die...

_.~.......#.#
.~.........##
~.~....##..####
.~##...##....P#
..#...........###
....>....>.##...###
#..........##.#...#
#.......##.#####.##
........#..# #@###
##...:...#######W#.#
####.....##!)8W#W§.#
###...####8...W#§5§#
.##..## ).....#...#
.P÷..P# ).....'..)#
.÷...## 8.....'...#
......# $.....'...#
....### |.....#..##


You could see Nedank's ghost, Uhykki's ghost and a white imp (summoned).

Vanquished Creatures
  Saint Roka (Orc:2)
  An orc warlord (Orc:2)
  A minotaur (Gauntlet)
  Snorg (D:10)
  A fire dragon (Lair:5)
  The ghost of Puphybur the Grappler, a journeyman DrTm of Okawaru (Lair:1)
  The ghost of Iniclolu the Skirmisher, a journeyman DsWn of Lugonu (Lair:1)
  6 hydras
  6 two-headed ogres
  2 boulder beetles
  The ghost of PanSaczeczos the Covert, a journeyman KoWn of Uskayaw (Lair:1)
  Urug (D:11)
  3 orc high priests (Orc:2)
  Amaemon (D:8)
  A swamp dragon (Lair:5)
  A manticore (Lair:4)
  6 orc sorcerers
  3 orc knights
  2 oklob plants (Lair:4)
  An ugly thing (D:12)
  16 elephants
  2 cyclopes (D:12)
  2 torpor snails
  3 black mambas
  15 cane toads
  An orange demon (D:9)
  6 rime drakes
  A kobold demonologist (D:11)
  9 komodo dragons
  6 trolls
  2 polar bears
  A tyrant leech (Lair:2)
  14 blink frogs
  Grinder (D:3)
  8 dream sheep
  Prince Ribbit (D:9)
  2 shadows
  2 vampires
  2 wraiths (D:12)
  6 spriggans (Lair:2)
  12 wyverns
  58 yaks
  10 basilisks
  5 steam dragons
  14 vampire mosquitoes
  4 wargs
  3 nagas (Lair:3)
  4 acid dragons
  3 hell hounds (Lair:4)
  A swamp worm (Lair:2)
  16 water moccasins
  4 swamp drakes (Lair:5)
  A sky beast (D:7)
  37 orc warriors
  2 ice beasts
  5 black bears
  5 ogres
  9 centaurs
  9 wolves
  2 kobold brigands (D:11)
  A phantom (D:7)
  3 necrophages
  8 bullfrogs
  6 scorpions
  4 wights (D:8)
  13 killer bees
  4 howler monkeys
  2 electric eels
  2 gnoll boudas
  7 hounds
  4 jellies
  8 orc priests
  10 iguanas
  24 orc wizards
  5 hell rats (Lair:4)
  11 gnolls
  11 adders
  2 shadow imps
  2 white imps
  2 ufetubi
  2 worms
  7 dart slugs
  70 orcs
  A ball python (D:4)
  7 endoplasms
  2 giant cockroaches
  5 goblins
  6 hobgoblins
  4 jackals
  7 kobolds
  2 quokkas
  5 bats
  3 frilled lizards
  3 rats
598 creatures vanquished.

Vanquished Creatures (others)
  An electric eel (Lair:5)
  A hell rat (Lair:4)
  A demonic plant (Gauntlet)
  39 fungi
  52 plants
94 creatures vanquished.

Grand Total: 692 creatures vanquished

Notes
Turn   | Place    | Note
-------+----------+-------------------------------------------
     0 | D:1      | Armakuni the Human Fighter began the quest for the Orb.
     0 | D:1      | Reached XP level 1. HP: 18/18 MP: 1/1
    88 | D:1      | Reached skill level 1 in Staves
   103 | D:1      | Reached XP level 2. HP: 14/24 MP: 2/2
   463 | D:1      | Reached skill level 2 in Staves
   641 | D:2      | Found a sacrificial altar of Ru.
   654 | D:2      | HP: 1/24 [adder (3)]
   658 | D:2      | Reached XP level 3. HP: 12/29 MP: 3/3
   947 | D:2      | Identified a scroll of acquirement
   947 | D:2      | Acquired 682 gold pieces
   965 | D:2      | Reached skill level 3 in Staves
  1142 | D:2      | Reached XP level 4. HP: 34/35 MP: 4/4
  1460 | D:2      | Found a faded altar of an unknown god.
  1997 | D:3      | Noticed Grinder
  2001 | D:3      | Paralysed by Grinder for 2 turns
  2008 | D:3      | Killed Grinder
  2009 | D:3      | Reached skill level 5 in Staves
  2009 | D:3      | Reached XP level 5. HP: 10/41 MP: 5/5
  2009 | D:3      | Reached XP level 6. HP: 11/47 MP: 6/6
  2246 | D:3      | Reached skill level 6 in Staves
  3116 | D:4      | Reached XP level 7. HP: 50/52 MP: 7/7
  3779 | D:4      | Reached skill level 7 in Staves
  3996 | D:5      | Entered Level 5 of the Dungeon
  4689 | D:5      | Reached skill level 1 in Evocations
  4844 | D:5      | Reached XP level 8. HP: 26/58 MP: 8/8
  5812 | D:5      | Reached skill level 5 in Evocations
  6169 | D:5      | Reached skill level 5 in Fighting
  6169 | D:5      | Reached skill level 1 in Dodging
  6171 | D:5      | Reached XP level 9. HP: 40/68 MP: 9/9
  6177 | D:5      | Identified the +6 mace of the Warrior {elec, rC+}
  6741 | D:5      | HP: 1/68 [gnoll/+0 club (7)]
  7240 | D:6      | Found a staircase to the Ecumenical Temple.
  7249 | Temple   | Entered the Ecumenical Temple
  7423 | Temple   | Became a worshipper of Vehumet
  8159 | D:6      | Reached skill level 5 in Shields
  8160 | D:6      | Found Ixuv's Jewellery Shop.
  8168 | D:6      | Bought an amulet of regeneration for 390 gold pieces
  8499 | D:7      | Identified the +1 quarterstaff of Ruarof {pain, SInv}
  8530 | D:7      | Reached skill level 5 in Dodging
  8706 | D:7      | Reached skill level 8 in Staves
  8841 | D:7      | Reached XP level 10. HP: 71/74 MP: 10/10
  8972 | D:7      | Reached skill level 9 in Staves
  8977 | D:7      | Reached * piety under Vehumet
  8977 | D:7      | Offered knowledge of Sandblast by Vehumet.
  9265 | D:8      | Noticed an elephant
  9458 | D:8      | Found a white marble altar of Elyvilon.
  9551 | D:8      | Killed an elephant
  9552 | D:8      | Reached skill level 10 in Staves
  9654 | D:8      | Reached skill level 11 in Staves
  9654 | D:8      | Found a staircase to the Lair.
  9923 | D:8      | Learned a level 3 spell: Mephitic Cloud
 10330 | D:9      | Noticed Amaemon
 10409 | D:9      | Noticed Prince Ribbit
 10416 | D:9      | Reached skill level 1 in Spellcasting
 10416 | D:9      | Reached skill level 1 in Conjurations
 10416 | D:9      | Reached skill level 1 in Air Magic
 10416 | D:9      | Reached skill level 1 in Poison Magic
 10428 | D:9      | Killed Prince Ribbit
 10572 | D:9      | Reached XP level 11. HP: 77/79 MP: 11/13
 10595 | D:9      | HP: 3/79 [acid dragon/splash of acid (18)]
 10731 | D:9      | Identified the +6 war axe of Iniazaarch {spect, Dex+3}
 10759 | D:9      | Learned a level 1 spell: Apportation
 10864 | D:9      | Offered knowledge of Magic Dart by Vehumet.
 11151 | D:8      | Killed Amaemon
 11238 | D:9      | Reached ** piety under Vehumet
 11546 | D:10     | Entered Level 10 of the Dungeon
 11645 | D:9      | Reached skill level 5 in Maces & Flails
 11759 | D:10     | Noticed a two-headed ogre
 11775 | D:10     | Killed a two-headed ogre
 11976 | D:10     | Offered knowledge of Ignite Poison by Vehumet.
 12127 | D:10     | Noticed Snorg
 12150 | D:10     | Killed Snorg
 12151 | D:10     | Reached XP level 12. HP: 41/86 MP: 12/16
 12489 | D:10     | Noticed a two-headed ogre
 12512 | D:10     | Killed a two-headed ogre
 12610 | D:10     | Reached *** piety under Vehumet
 12764 | D:11     | Noticed a two-headed ogre
 12778 | D:11     | Killed a two-headed ogre
 12892 | D:11     | Found a gate leading to a gauntlet.
 12896 | Gauntlet | Entered a Gauntlet
 12896 | Gauntlet | Found a transporter.
 12903 | Gauntlet | Found a transporter.
 12905 | Gauntlet | Found a transporter.
 12912 | Gauntlet | Found a runed translucent gate.
 12914 | Gauntlet | Found a runed translucent gate.
 12915 | Gauntlet | Found a runed translucent gate.
 12915 | Gauntlet | Found a transporter.
 12918 | Gauntlet | Found a transporter.
 12922 | Gauntlet | Noticed a fire crab
 12927 | Gauntlet | Found a transporter.
 12939 | Gauntlet | Noticed a sixfirhy
 12940 | Gauntlet | Noticed a sixfirhy
 12940 | Gauntlet | Noticed a sixfirhy
 12942 | Gauntlet | Found a transporter.
 12952 | Gauntlet | Found a transporter.
 12955 | Gauntlet | Noticed a glowing orange brain
 12957 | Gauntlet | Found a transporter.
 12957 | Gauntlet | Found a transporter.
 12958 | Gauntlet | Noticed a glowing orange brain
 12966 | Gauntlet | Found a transporter.
 12967 | Gauntlet | Found a transporter.
 12991 | Gauntlet | Found a transporter.
 12993 | Gauntlet | Noticed an entropy weaver
 13005 | Gauntlet | Found a transporter.
 13164 | Gauntlet | Identified the ring of Ru's Regard {Int+6 Slay+6 SInv}
 13193 | Gauntlet | Identified the +3 pair of boots "Oducwod" {Drain Fly rPois}
 13209 | Gauntlet | Noticed a minotaur
 13237 | Gauntlet | Killed a minotaur
 13431 | D:11     | Offered knowledge of Dazzling Flash by Vehumet.
 13432 | D:11     | Reached skill level 5 in Conjurations
 13446 | D:11     | Noticed a boulder beetle
 13460 | D:11     | Killed a boulder beetle
 13766 | D:11     | Noticed Urug
 13781 | D:11     | Killed Urug
 13791 | D:11     | Identified the +1 robe of the Invisible Hand {Fly rElec
                  | Str+4}
 14043 | D:11     | Got Fis Oshi's Octavo of the Arsonist and Earth
 14044 | D:11     | Identified the +4 great sword of Oseexir {protect, rPois
                  | Str+4 SInv}
 14184 | D:11     | Reached **** piety under Vehumet
 14247 | D:12     | Found Nararota's Jewellery Boutique.
 14274 | D:12     | Noticed a two-headed ogre
 14281 | D:12     | Killed a two-headed ogre
 14330 | D:12     | Offered knowledge of Irradiate by Vehumet.
 14331 | D:12     | Reached XP level 13. HP: 88/92 MP: 17/17
 14853 | D:12     | Found a staircase to the Orcish Mines.
 14872 | D:12     | Reached skill level 10 in Conjurations
 15135 | Orc:1    | Entered Level 1 of the Orcish Mines
 15188 | Orc:1    | Reached skill level 1 in Translocations
 15324 | Lair:1   | Entered Level 1 of the Lair of Beasts
 15420 | Lair:1   | Found a hide-covered altar of Uskayaw.
 15422 | Lair:1   | Found an ornate altar of the Wu Jian Council.
 15659 | Lair:1   | Found a runed translucent gate.
 15659 | Lair:1   | Found a runed translucent gate.
 15660 | Lair:1   | Found a runed translucent gate.
 15661 | Lair:1   | Noticed Nedank's ghost (journeyman NaNe)
 15661 | Lair:1   | Noticed Iniclolu's ghost (journeyman DsWn)
 15661 | Lair:1   | Noticed Puphybur's ghost (journeyman DrTm)
 15662 | Lair:1   | Noticed PanSaczeczos's ghost (journeyman KoWn)
 15662 | Lair:1   | Noticed Uhykki's ghost (journeyman DjFE)
 15935 | Lair:2   | Reached ***** piety under Vehumet
 15948 | Lair:2   | Offered knowledge of Eringya's Noxious Bog by Vehumet.
 16294 | Lair:2   | Reached skill level 10 in Evocations
 16349 | Lair:2   | Got the Lectures on Blasts
 16355 | Lair:2   | Reached XP level 14. HP: 98/98 MP: 16/18
 16585 | Lair:2   | Found a staircase to the Swamp.
 16855 | Lair:2   | Learned a level 5 spell: Arcjolt
 17279 | Lair:3   | Upgraded the game from 0.30-a0-377-g5cb311bc9f to
                  | 0.30-a0-381-g6ea064c7b4
 17705 | Lair:3   | Reached skill level 5 in Armour
 17766 | Lair:3   | Found a staircase to the Snake Pit.
 18196 | Lair:4   | Found a viscous altar of Jiyva.
 18200 | Lair:4   | Found a staircase to the Slime Pits.
 19171 | Lair:5   | Entered Level 5 of the Lair of Beasts
 19302 | Lair:5   | Reached XP level 15. HP: 101/110 MP: 19/19
 19660 | Lair:5   | Learned a level 4 spell: Summon Lightning Spire
 19960 | Lair:5   | Learned a level 2 spell: Wereblood
 20071 | Lair:5   | Reached ****** piety under Vehumet
 20091 | Lair:5   | Reached skill level 5 in Air Magic
 20783 | Orc:1    | Offered knowledge of Starburst by Vehumet.
 20955 | Orc:2    | Entered Level 2 of the Orcish Mines
 20955 | Orc:2    | Found Duecadd's Weapon Emporium.
 20956 | Orc:2    | Noticed Saint Roka
 20963 | Orc:2    | Found Duvousu's Antique Armour Shoppe.
 21056 | Orc:2    | Found Liolataa's Antique Weapon Shoppe.
 21307 | Orc:2    | Killed Saint Roka
 21549 | Orc:2    | Found a staircase to the Elven Halls.
 21747 | Orc:2    | Noticed an orc warlord
 21772 | Orc:2    | Killed an orc warlord
 21805 | Orc:2    | Found Xosyost's Jewellery Emporium.
 21840 | Orc:2    | Found Punos's General Store.
 21916 | Orc:2    | Bought a scroll of immolation for 48 gold pieces
 22054 | Orc:2    | Bought a wand of paralysis (4) for 115 gold pieces
 22296 | Orc:1    | Offered knowledge of Freezing Cloud by Vehumet.
 22516 | Orc:2    | Learned a level 5 spell: Freezing Cloud
 22758 | Lair:1   | Killed PanSaczeczos's ghost
 22760 | Lair:1   | Killed Iniclolu's ghost
 22770 | Lair:1   | Killed Puphybur's ghost
 22772 | Lair:1   | HP: 5/110 [Uhykki's ghost/bolt of lightning (26)]
 22772 | Lair:1   | Killed from afar by Uhykki's ghost

Illustrated notes

Levels and vault maps discovered:
D:1:      dpeg_arrival_round_b, layout_rooms,
          amcnicky_mini_rare_corridor_liquid, minmay_misc_feat_rows,
          nicolae_concentric_dashed_squares_wild, serial_park_tiny_pond,
          minmay_misc_feat_tower
D:2:      layout_rooms, hellmonk_ecumenical_altar_crossroads, serial_glass,
          glass_columns_a, glass_columns_b, glass_columns_a, glass_columns_b,
          glass_columns_a, glass_columns_a, glass_columns_b, glass_columns_a,
          glass_columns_b, glass_columns_a, basic_altar,
          mrwooster_statue_mirror, minmay_misc_feat_x, kennysheep_donut,
          st_stairs_14
D:3:      layout_basic, serial_aquarium, aquarium_bridge_square
          [aquarium_subvault_bridge, aquarium_subvault_bridge,
          aquarium_subvault_bridge, aquarium_subvault_wall],
          aquarium_bridge_long_separate [aquarium_subvault_balcony,
          aquarium_subvault_wall, aquarium_subvault_bridge,
          aquarium_subvault_bridge, aquarium_subvault_bridge,
          aquarium_subvault_bridge], aquarium_window_1, aquarium_window_fake,
          aquarium_window_corner, aquarium_window_1, aquarium_view_2g,
          hex_large, uniq_grinder
D:4:      layout_cave_pods
D:5:      kennysheep_windowed_halls, layout_basic
D:6:      layout_rooms, lemuel_temple_firewalk_a, hangedman_glass_teeth,
          nicolae_wooded_promenade, dreamdust_gnoll_farm
D:7:      layout_loops_ring, kennysheep_small_square
D:8:      layout_cave_pods, nicolae_elyvilon_temple_path, david_lair_generic
D:9:      layout_loops_cross, minivault_1, uniq_amaemon, uniq_prince_ribbit1
D:10:     layout_loops_cross, uniq_snorg
D:11:     layout_irregular_city, gauntlet_entry_generic,
          lemuel_flamethrower_hall, uniq_urug
D:12:     layout_irregular_city, orc_0_dummy, serial_shops, shop,
          hangedman_abyss_or_decor_jellyfish_corner
D:13:     minmay_outward_triangles, layout_cross, ximxim_vaults_locker_room,
          serial_shops, nicolae_shop_trees, shop_statue,
          nicolae_shop_waterfront, nicolae_lakefront_shop, shop,
          hangedman_abyss_or_decor_slice
Temple:   mainiacjoe_temple_starburst
Lair:1:   layout_cave_shapes, gammafunk_ghost_cemetery,
          eino_small_chamber_without_monster, chequers_serial_rivers_small_3,
          nzn_masters_of_martial_movement
Lair:2:   kb_forest_paths, layout_regular_city, palyth_hydra_swamp_entry,
          dreamdust_gnoll_shepherd
Lair:3:   layout_cave_pods, minmay_snake_entry_guardpost_small,
          beast_lair_carwin_2
Lair:4:   layout_roguey [special_room_mythical_zoo],
          minmay_slime_entry_oklob_enclosed, grunt_megastairs_2,
          serial_bayou_shore_b, serial_bayou_shore_b
Lair:5:   guppyfry_lair_end_dragon, layout_gridlike
Orc:1:    layout_diamond_mine
Orc:2:    grunt_orc_gardens, layout_caves, grunt_orc_garden, grunt_orc_garden,
          grunt_orc_garden, grunt_orc_garden, serial_shops, shop,
          uniq_saint_roka

Skill      XL: |  1  2  3  4  5  6  7  8  9 10 11 12 13 14 15 |
---------------+----------------------------------------------+-----
Staves         | 1 2 3 5 6 7 8 11 | 11.4
Evocations     | 2 5 10 | 10.0
Fighting       | 5 7 8 |  8.2
Dodging        | 2 5 7 |  7.9
Shields        | 6 8 |  8.8
Spellcasting   | 1 3 4 |  4.1
Conjurations   | 1 3 8 10 | 10.0
Air Magic      | 1 3 9 |  9.5
Poison Magic   | 1 3 |  3.0
Maces & Flails | 8 9 |  9.6
Translocations | 2 |  2.0
Armour         | 6 |  6.7

Action                   |  1- 3 |  4- 6 |  7- 9 | 10-12 | 13-15 || total
-------------------------+-------+-------+-------+-------+-------++-------
Melee: Flail             |    88 |   103 |   213 |   108 |       ||   512
       Mace              |       |       |   153 |   144 |    64 ||   361
       Demon whip        |       |       |       |   389 |  1103 ||  1492
       Unarmed           |       |       |       |     1 |       ||     1
Throw: Throwing net      |       |       |       |       |     2 ||     2
       Dart              |       |       |       |       |     3 ||     3
 Cast: Mephitic Cloud    |       |       |       |    27 |    52 ||    79
       Arcjolt           |       |       |       |       |     5 ||     5
Evoke: Wand              |       |       |    10 |    13 |    20 ||    43
       Condenser vane    |       |       |       |     1 |     5 ||     6
       Tin of tremorston |       |       |       |     2 |     5 ||     7
  Use: Scroll            |     8 |     3 |     4 |    10 |    11 ||    36
       Potion            |     2 |     5 |     3 |    12 |     4 ||    26
 Stab: Invisible         |       |       |     1 |       |       ||     1
       Confused          |       |       |       |    23 |    40 ||    63
       Paralysed         |       |       |       |       |     7 ||     7
Armor: Scale mail        |    38 |     2 |     9 |    50 |       ||    99
       Ring mail         |       |    25 |    89 |       |       ||   114
       Skin              |       |       |     4 |       |       ||     4
       Steam dragon scal |       |       |       |    15 |       ||    15
       Acid dragon scale |       |       |       |   103 |   289 ||   392
Dodge: Dodged            |    41 |    41 |   177 |   323 |   444 ||  1026
Block: Buckler           |    16 |    23 |    70 |   134 |   207 ||   450

Table legend: (Time is in decaauts)
 A = Elapsed time spent in this place.
 B = Non-inter-level travel time spent in this place.
 C = Inter-level travel time spent in this place.
 D = Time resting spent in this place.
 E = Time spent auto-exploring this place.
 F = Levels seen in this place.
 G = Mean time per level.
                   A        B        C        D        E       F      G
               +--------+--------+--------+--------+--------+-----+--------+
         Total |  22222 |  20772 |   1450 |   3500 |  11829 |  22 | 1010.1 |
       Dungeon |  14432 |  13573 |    859 |   2921 |   7434 |  13 | 1110.2 |
        Temple |    588 |    517 |     71 |      0 |    507 |   1 |  588.0 |
          Lair |   5027 |   4682 |    345 |    348 |   2849 |   5 | 1005.4 |
  Orcish Mines |   1794 |   1620 |    174 |    196 |    810 |   2 |  897.0 |
      Gauntlet |    378 |    378 |      0 |     33 |    229 |   1 |  378.0 |
               +--------+--------+--------+--------+--------+-----+--------+

Top non-repeatable levels by time:
     D:5: 2573 daAuts
     D:8: 1384 daAuts
     D:6: 1379 daAuts
     D:4: 1288 daAuts
  Lair:2: 1260 daAuts
  Lair:5: 1212 daAuts
     D:3: 1208 daAuts
    D:10: 1185 daAuts
     D:9: 1131 daAuts
  Lair:4: 1038 daAuts
  Lair:3: 1034 daAuts
    D:12: 1020 daAuts
   Orc:2: 997 daAuts
    D:11: 917 daAuts
     D:2: 889 daAuts
